 Dungeon Crawl Stone Soup version 0.30-a0-591-g3c58d2bc28 (webtiles) character file.

Game seed: 16092221725220761097

1124 bmack86 the Chopper (level 8, 0/70 HPs)
             Began as a Minotaur Fighter on Jan 5, 2023.
             Was a Believer of Okawaru.
             Slain by a steam dragon (3 damage)
             ... on level 6 of the Dungeon.
             The game lasted 00:12:53 (4589 turns).

bmack86 the Chopper (Minotaur Fighter)              Turns: 4589, Time: 00:12:53

Health: 0/70       AC: 13    Str: 23    XL:     8   Next: 13%
Magic:  9/9        EV:  6    Int:  5    God:    Okawaru [**....]
Gold:   375        SH:  4    Dex:  8    Spells: 7/7 levels left

rFire   . . .      SeeInvis .    a - +0 war axe (flame)
rCold   . . .      Faith    .    c - +0 buckler
rNeg    . . .      Spirit   .    b - +0 plate armour
rPois   +          Reflect  .    (helmet restricted)
rElec   .          Harm     .    u - +0 cloak
rCorr   .          Rampage  .    (no gloves)
Will    +....                    (no boots) Stlth
                                 (no amulet)
HPRegen 0.31/turn                n - ring "Etug" {rPois Will+ Dex-2 Stlth+}
MPRegen 0.11/turn                (no ring)

@: no status effects
A: horns 2, retaliatory headbutt
a: Renounce Religion, Heroism


You were on level 6 of the Dungeon.
You worshipped Okawaru.
Okawaru was pleased with you.
You visited 1 branch of the dungeon, and saw 6 of its levels.

You collected 375 gold pieces.

Inventory:

Hand Weapons
 a - a +0 war axe of flaming (weapon)
Missiles
 i - 10 poisoned darts (quivered)
Armour
 b - a +0 plate armour (worn)
 c - a +0 buckler (worn)
 u - a +0 cloak (worn)
Jewellery
 n - the ring "Etug" (left hand) {rPois Will+ Dex-2 Stlth+}
   (You took it off a kobold on level 2 of the Dungeon)

   [ring of willpower]

   Dex:       It affects your dexterity (-2).
   rPois:     It protects you from poison.
   Will:      It increases your willpower.
   Stlth:     It makes you more stealthy.
Scrolls
 e - a scroll of blinking {unknown}
 g - 3 scrolls of teleportation
 j - a scroll of brand weapon
 k - a scroll of amnesia
 q - 3 scrolls of magic mapping
 s - 2 scrolls of fear {unknown}
 v - a scroll of identify
Potions
 d - 3 potions of might
 f - 5 potions of heal wounds
 h - a potion of mutation
 l - 6 potions of curing
 m - 2 potions of flight {unknown}
 o - a potion of brilliance {unknown}
 p - 3 potions of haste
 r - a potion of lignification {unknown}
 t - a potion of experience {unknown}


   Skills:
 + Level 5.8 Fighting
 * Level 6.9 Axes
 + Level 2.3 Throwing
 + Level 5.8 Armour
 + Level 5.9 Shields
 + Level 2.9 Invocations


You had 7 spell levels left.
You didn't know any spells.
Your spell library was empty.

Dungeon Overview and Level Annotations

Branches:
Dungeon (6/15)             Temple (0/1) D:5

Altars:
Fedhas
Okawaru
Xom
Zin

Shops:
D:3 !   D:4 =


Innate Abilities, Weirdness & Mutations

You have a pair of horns on your head.
You reflexively headbutt those who attack you in melee.


Message History

You barely miss the steam dragon. Your headbutt misses the steam dragon.
The steam dragon is lightly wounded.
You are engulfed in a cloud of scalding steam.
The steam dragon bites you but does no damage.
The steam dragon claws you but does no damage.
You slash the steam dragon! You burn the steam dragon.
You headbutt the steam dragon.
The steam dragon is heavily wounded.
You are engulfed in a cloud of scalding steam.
The steam dragon breathes steam at you. The ball of steam hits you!!
You closely miss the steam dragon.
The steam dragon is heavily wounded.
The steam dragon bites you!
* * * LOW HITPOINT WARNING * * *
The steam dragon claws you but does no damage.
The steam dragon bites you.
* * * LOW HITPOINT WARNING * * *
The steam dragon completely misses you.
Found a spear.
The steam dragon closely misses you. The steam dragon claws you.
* * * LOW HITPOINT WARNING * * *
You hit the steam dragon. You burn the steam dragon.
The steam dragon is severely wounded.
The steam dragon barely misses you.
The steam dragon claws you but does no damage.
You closely miss the steam dragon.
The steam dragon is severely wounded.
The steam dragon breathes steam at you. The ball of steam hits you!
* * * LOW HITPOINT WARNING * * *
The steam dragon bites you but does no damage.
The steam dragon claws you but does no damage.
You hit the steam dragon but do no damage.
Your headbutt misses the steam dragon.
The steam dragon is severely wounded.
You are engulfed in a cloud of scalding steam.
* * * LOW HITPOINT WARNING * * *
The steam dragon bites you but does no damage.
The steam dragon claws you.
You die...

.#######...............#
.# #...............# '##
#......>........# ..#
#...............# ..#
#...............# ..#
#.........).....# ..#
######..........# ..#
#....§)....# ..#
#.§§@D.....# ..#
#...§§.....# ..#
#..........# ..#
#..........# ..#
#.........$# ..#
#..........# ..#
#..........# ..#
#..).......# ..#


You could see a steam dragon (catching breath).

Vanquished Creatures
  An orc warrior (D:6)
  A sky beast (D:6)
  A centaur (D:5)
  A phantom (D:5)
  A necrophage (D:6)
  A scorpion (D:4)
  2 wights (D:6)
  A howler monkey (D:3)
  4 hounds
  An orc priest (D:6)
  2 jellies (D:6)
  3 iguanas
  3 orc wizards (D:6)
  6 adders
  A shadow imp (D:4)
  A white imp (D:6)
  2 worms
  2 dart slugs
  17 orcs
  6 bats
  4 endoplasms
  2 giant cockroaches (D:1)
  5 hobgoblins
  4 jackals (D:1)
  9 kobolds
  4 quokkas
  6 ball pythons
  2 frilled lizards
  4 goblins
  5 rats
102 creatures vanquished.

Notes
Turn   | Place    | Note
-------+----------+-------------------------------------------
     0 | D:1      | bmack86 the Minotaur Fighter began the quest for the Orb.
     0 | D:1      | Reached XP level 1. HP: 19/19 MP: 0/0
   128 | D:1      | Reached XP level 2. HP: 26/27 MP: 1/1
   156 | D:1      | Reached skill level 3 in Axes
   759 | D:2      | Reached XP level 3. HP: 33/33 MP: 2/2
  1063 | D:2      | Identified the ring "Etug" {rPois Will+ Dex-2 Stlth+}
  1581 | D:3      | Found Renurod's Distillery.
  1719 | D:3      | Found an iron altar of Okawaru.
  1730 | D:3      | Became a worshipper of Warmaster Okawaru
  1996 | D:3      | Found a blossoming altar of Fedhas.
  2001 | D:3      | Reached skill level 4 in Axes
  2001 | D:3      | Reached XP level 4. HP: 41/41 MP: 3/3
  2528 | D:4      | Reached XP level 5. HP: 38/47 MP: 4/4
  2795 | D:4      | Reached skill level 1 in Invocations
  2993 | D:4      | Found Vory's Jewellery Boutique.
  3073 | D:4      | Found a glowing silver altar of Zin.
  3185 | D:4      | Reached skill level 5 in Axes
  3185 | D:4      | Reached XP level 6. HP: 43/55 MP: 4/6
  3413 | D:5      | Entered Level 5 of the Dungeon
  3568 | D:5      | Reached * piety under Okawaru
  3569 | D:5      | Reached skill level 5 in Fighting
  3569 | D:5      | Reached skill level 5 in Armour
  3569 | D:5      | Reached skill level 5 in Shields
  3724 | D:5      | Reached skill level 1 in Throwing
  3724 | D:5      | Reached XP level 7. HP: 44/61 MP: 7/7
  3788 | D:5      | Found a staircase to the Ecumenical Temple.
  3938 | D:6      | Reached skill level 6 in Axes
  4351 | D:6      | Reached ** piety under Okawaru
  4419 | D:6      | Found a shimmering altar of Xom.
  4461 | D:6      | Reached XP level 8. HP: 70/70 MP: 9/9
  4589 | D:6      | HP: 3/70 [steam dragon] (3)]
  4589 | D:6      | Slain by a steam dragon

Illustrated notes

Levels and vault maps discovered:
D:1:      eino_arrival_cavern_b, layout_basic
D:2:      layout_basic
D:3:      layout_loops_corners, old_standard_altar, okawaru_metal_pillars_1_2,
          serial_shops, nicolae_shop_hallway_plus, minmay_misc_feat_nine_boxes,
          kennysheep_generic_room_2
D:4:      layout_gridville, general_overflow_altar,
          minmay_shop_enchanted_jewellery
D:5:      layout_rooms, temple_doors_cd
D:6:      layout_gridville, tgw_xom, guppyfry_early_elven_hall

Skill      XL: |  1  2  3  4  5  6  7 |
---------------+----------------------+-----
Axes           | 3 4 5 6 |  6.9
Armour         | 4 5 |  5.8
Fighting       | 4 5 |  5.8
Shields        | 4 5 |  5.9
Invocations    | 1 2 |  2.9
Throwing       | 1 2 |  2.3

Action                   |  1- 3 |  4- 6 |  7- 9 || total
-------------------------+-------+-------+-------++-------
Melee: War axe           |    86 |    86 |    67 ||   239
       Headbutt          |     7 |     7 |    16 ||    30
Throw: Dart              |       |       |     1 ||     1
Invok: Heroism           |       |       |     1 ||     1
  Use: Scroll            |     7 |     4 |       ||    11
Armor: Scale mail        |    14 |       |       ||    14
       Chain mail        |    43 |    23 |       ||    66
       Plate armour      |       |    21 |    55 ||    76
Dodge: Dodged            |    31 |    23 |    23 ||    77
Block: Buckler           |    27 |    25 |     8 ||    60

Table legend: (Time is in decaauts)
 A = Elapsed time spent in this place.
 B = Non-inter-level travel time spent in this place.
 C = Inter-level travel time spent in this place.
 D = Time resting spent in this place.
 E = Time spent auto-exploring this place.
 F = Levels seen in this place.
 G = Mean time per level.
                   A        B        C        D        E       F      G
               +--------+--------+--------+--------+--------+-----+--------+
         Total |   4669 |   4553 |    116 |    166 |   3192 |   6 |  778.2 |
       Dungeon |   4669 |   4553 |    116 |    166 |   3192 |   6 |  778.2 |
               +--------+--------+--------+--------+--------+-----+--------+

Top non-repeatable levels by time:
     D:4: 994 daAuts
     D:3: 939 daAuts
     D:2: 893 daAuts
     D:5: 692 daAuts
     D:1: 636 daAuts
     D:6: 513 daAuts
